Selects Airborne Battlegroup
Construct Weapon Support Center
Mechanized Support Center
M3 Armored Personnel Carrier
Selects Paratrooper Squad Paradrop
Paratrooper Squad Paradrop
Paratrooper Squad Paradrop
Construct Medical Station
Designate Forward Repair Station
Selects Anti-tank Gun Team Paradrop
Designate Forward Repair Station
Paratrooper Squad Paradrop
Designate Forward Repair Station
Selects Paradrop Reinforcements
Anti-tank Gun Team Paradrop
Designate Forward Repair Station
Designate Forward Repair Station
Designate Forward Repair Station
M18 Hellcat Tank Destroyer
Anti-tank Gun Team Paradrop